 Dungeon Crawl Stone Soup version 0.21-a0-444-g29a2fec (webtiles) character file.

51 4thArraOfDagon the Skirmisher (level 3, 2/31 HPs)
             Began as a Hill Orc Enchanter on Nov 17, 2017.
             Quit the game on level 5 of the Dungeon.
             The game lasted 00:04:01 (644 turns).

4thArraOfDagon the Skirmisher (Hill Orc Enchanter)   Turns: 644, Time: 00:04:02

Health: 2/31       AC:  3    Str: 10    XL:     3   Next: 83%
Magic:  3/5        EV: 12    Int: 16    God:
Gold:   75         SH:  0    Dex: 13    Spells: 2/5 levels left

rFire    . . .     SeeInvis .   a - +1 dagger
rCold    . . .     Gourm    .   (no shield)
rNeg     . . .     Faith    .   b - +0 robe
rPois    .         Spirit   .   j - +0 helmet
rElec    .         Reflect  .   (no cloak)
rCorr    .         Harm     .   (no gloves)
MR       .....                  (no boots)
Stlth    ++........             (no amulet)
HPRegen  0.10/turn              (no ring)
MPRegen  0.09/turn              (no ring)

@: lethally poisoned (2 -> 0), very slightly contaminated
A: agile 1, sense surroundings 1
a: no special abilities


You were on level 5 of the Dungeon.
You were not hungry.

You visited 1 branch of the dungeon, and saw 5 of its levels.

You collected 75 gold pieces.

Inventory:

Hand Weapons
 a - a +1 dagger (weapon)
Armour
 b - a +0 robe (worn)
 j - a +0 helmet (worn)
Scrolls
 e - a scroll of fear {unknown}
Potions
 g - a potion of flight
Books
 c - a book of Maledictions

   Spells                             Type                      Level
   a - Corona                         Hexes                        1
   b - Ensorcelled Hibernation        Hexes/Ice                    2
   c - Confuse                        Hexes                        3
   d - Tukima's Dance                 Hexes                        3
   e - Dazzling Spray                 Conjuration/Hexes            3
Comestibles
 d - 3 bread rations
 f - a royal jelly


   Skills:
 + Level 3.3 Fighting
 - Level 2.0 Short Blades
 - Level 1.5 Dodging
 - Level 2.4 Stealth
 - Level 1.5 Spellcasting
 - Level 3.0 Hexes


You had 2 spell levels left.
You knew the following spells:

 Your Spells              Type           Power        Failure   Level  Hunger
a - Corona                Hex            ##.....      6%          1    ##.....
b - Ensorcelled Hibernat  Hex/Ice        #.....       19%         2    ###....


Dungeon Overview and Level Annotations

Branches:
Dungeon (5/15)
 Temple: D:4-7

Altars:

Annotations:
D:4 Grinder


Innate Abilities, Weirdness & Mutations

You are agile. (Dex +2)
You passively map a small area around you.


Message History

Unknown command.
Casting: Ensorcelled Hibernation
Confirm with . or Enter, or press ? or * to list all spells.
Aiming: Ensorcelled Hibernation
Press: ? - help, Shift-Dir - straight line, f - adder
Aim: an adder (chance to defeat MR: 47%)
You miscast Ensorcelled Hibernation.
You are very lightly contaminated with residual magic.
Frost spreads across the the floor.
The adder closely misses you. The quokka bites you.
* * * LOW HITPOINT WARNING * * *
The adder bites you but does no damage.
Unknown command.
Okay, then.
The quokka bites you.
* * * LOW HITPOINT WARNING * * *
The quokka bites you.
* * * LOW HITPOINT WARNING * * *
Unknown command.
Are you sure you want to abandon this character and quit the game? (Confirm with "yes".)

### #..## ##
##...###.# ###
# *
###...rSO.##
#.####
#.....@##O.##
#.#... * ,
#####..###.{##
#..... * #..#
##..## #..... ,
#.##
##..l####....≈
* #. *
#.).....Y.....
* *#.
#......###.....
...........#
##...#
..........##
##..#
,.........#
##..


You could see an ogre, an adder and a quokka.

Vanquished Creatures
  Robin (D:3)
  2 adders (D:4)
  An ooze (D:4)
  A dart slug (D:1)
  A bat (D:1)
  2 giant cockroaches
  5 goblins
  A hobgoblin (D:2)
  A ball python (D:2)
  2 kobolds
17 creatures vanquished.

Notes
Turn   | Place    | Note
-------+----------+-------------------------------------------
     0 | D:1      | 4thArraOfDagon the Hill Orc Enchanter began the quest for the Orb.
     0 | D:1      | Reached XP level 1. HP: 14/14 MP: 3/3
    81 | D:2      | Reached XP level 2. HP: 11/20 MP: 2/4
    86 | D:2      | Learned a level 2 spell: Ensorcelled Hibernation
   170 | D:1      | Reached skill level 1 in Fighting
   206 | D:2      | You fall through a shaft for 2 floors!
   241 | D:4      | Reached XP level 3. HP: 13/30 MP: 2/5
   265 | D:5      | Entered Level 5 of the Dungeon
   291 | D:5      | Noticed a sky beast
   307 | D:5      | Noticed an ogre
   459 | D:4      | Noticed Grinder
   459 | D:4      | Noticed Robin
   469 | D:3      | Killed Robin
   520 | D:4      | Gained mutation: You passively map a small area around you. [potion of mutation]
   520 | D:4      | Gained mutation: You are agile. (Dex +2) [potion of mutation]
   622 | D:5      | Noticed an ogre
   644 | D:5      | Quit the game

Vault maps used:
D:1:      dpeg_arrival_refuge, kennysheep_minor_cross, cheibriados_altar_1
D:4:      gammafunk_temple_overflow_arena, first_bread, uniq_grinder, uniq_robin
D:5:      minmay_temple_entry_nine_rooms, uniq_edmund

Skill      XL: |  1  2  3 |
---------------+----------+-----
Short Blades   | 2 |  2.0
Fighting       | 2 3 |  3.3
Dodging        | |  1.5
Stealth        | |  2.4
Spellcasting   | |  1.5
Hexes          | |  3.0

Action                   || total
-------------------------++-------
Melee: Dagger            ||    49
 Cast: Corona            ||     5
       Ensorcelled Hiber ||    13
  Use: Scroll            ||     4
       Potion            ||     2
 Stab: Sleeping          ||     9
Armor: Robe              ||     9
Dodge: Dodged            ||    47

Table legend:
 A = Spawn XP
 B = Non-spawn XP
 C = Spawn XP percentage of total XP
 D = Spawn monster count
 E = Non-spawn monster count
 F = Spawn count percentage of total count
 G = Total turns spent on level
                    A         B        C        D         E        F      G
               +---------+---------+-------+---------+---------+-------+---------
         Total |       0 |      74 |   0.0 |       0 |      17 |   0.0 |   644
               +---------+---------+-------+---------+---------+-------+---------
           D:1 |       0 |      10 |   0.0 |       0 |       4 |   0.0 |    80
           D:2 |       0 |       8 |   0.0 |       0 |       5 |   0.0 |   126
           D:3 |       0 |      22 |   0.0 |       0 |       5 |   0.0 |   129
           D:4 |       0 |      34 |   0.0 |       0 |       3 |   0.0 |   168
               +---------+---------+-------+---------+---------+-------+---------
